 Dungeon Crawl Stone Soup version 0.31.0-1-g2c135a008e (webtiles) character file.

Game seed: 14947920805497500760

51 qw the Shooter (level 4, -7/35 HPs)
             Began as a Djinni Hunter on Jan 24, 2024.
             Mangled by a gnoll
             ... wielding a +0 halberd
              (16 damage)
             ... on level 2 of the Dungeon.
             The game lasted 00:00:03 (1071 turns).

qw the Shooter (Djinni Hunter)                      Turns: 1071, Time: 00:00:04

Health: -7/35      AC:  3    Str: 10    XL:     4   Next: 7%
Gold:   83         EV: 12    Int: 10    God:
                   SH:  0    Dex: 19

rFire   + + .        a - +0 shortbow
rCold   x . .        (shield currently unavailable)
rNeg    . . .        c - +0 leather armour
rPois   inf          (no helmet)
rElec   .            (no cloak)
rCorr   .            (no gloves)
SInv    .            (boots unavailable)
Will    .....        d - amulet of the acrobat
Stlth   ++           (no ring)
HPRegen 0.25/turn    (no ring)
MPRegen 0.00/turn

%: acrobat, infuse magic (-8 HP)
@: flying
A: sickness immunity, fire resistance 2, cold vulnerability 1, float, innate
caster, HP casting, extra vitality 1
a: no special abilities


You were on level 2 of the Dungeon.
You visited 1 branch of the dungeon, and saw 2 of its levels.

You collected 83 gold pieces.


Innate Abilities, Weirdness & Mutations

You are immune to sickness and miasma.
You are immune to poison.
Your flesh is very heat resistant. (rF++)
You are vulnerable to cold. (rC-)
You float through the air rather than walking.
You learn spells naturally, not from books.
Your magical power is your life essence.
You have superior vitality. (+4 MHP)


   Skills:
 - Level 3.0 Fighting
 - Level 4.0 Ranged Weapons
 + Level 2.2 Dodging
 - Level 0.7 Stealth


You knew the following spells:

 Your Spells              Type           Power      Damage    Failure   Level
a - Slow                  Hex            0%         N/A       45%         1
Your spell library was empty.

Inventory:

Hand Weapons
 a - a +0 shortbow (weapon)
Armour
 c - a +0 leather armour (worn)
Jewellery
 d - an amulet of the acrobat (around neck)
Potions
 b - a potion of might {unknown}

Dungeon Overview and Level Annotations

Branches:
Dungeon (2/15)

Altars:


Message History

Enter note: You now have 83 gold pieces (gained 13).
You see here a book of Flames.
b - a fizzy red potion You see here a book of Flames.
A goblin and a gnoll come into view.
Found a robe.
The goblin shouts!
The gnoll shouts!
The gnoll moves out of view.
You shoot an arrow. The arrow closely misses the goblin.
You shoot an arrow. The arrow hits the gnoll.
The gnoll is moderately wounded.
You shoot an arrow. The arrow closely misses the gnoll.
You shoot an arrow. The arrow hits the gnoll.
The gnoll is heavily wounded.
The gnoll closely misses you.
You shoot an arrow. The arrow closely misses the goblin.
An adder comes into view.
The gnoll hits you from afar with a +0 halberd.
The goblin barely misses you.
You shoot an arrow. The adder hisses angrily.
The arrow hits the goblin.
You kill the goblin!
The gnoll hits you from afar with a +0 halberd!
You shoot an arrow. The arrow hits the gnoll.
The gnoll is almost dead.
The gnoll misses you.
The gnoll hits you from afar with a +0 halberd!
You shoot an arrow. The arrow barely misses the gnoll.
The gnoll barely misses you.
You shoot an arrow.
The arrow hits the gnoll but does no damage.
The gnoll is almost dead.
The gnoll hits you from afar with a +0 halberd.
You shoot an arrow. The arrow hits the adder!
The adder is severely wounded.
The adder closely misses you.
The gnoll hits you from afar with a +0 halberd!
You die...

. .. . #. ..
###.. ..#
#...######
...[
#......#.....
#.....#g..#
#....@S...#
#...#####.#
#..##
#.#######
#.......#
######.##
..##
#.##+###...#
#......##..
#......##..


You could see a gnoll and an adder.

Vanquished Creatures
  2 adders (D:2)
  A dart slug (D:1)
  4 goblins
  2 hobgoblins (D:1)
  7 jackals
  A kobold (D:1)
  A quokka (D:1)
  2 ball pythons
  3 bats
  3 frilled lizards
  3 rats (D:1)
29 creatures vanquished.

Notes
Turn   | Place    | Note
-------+----------+-------------------------------------------
     0 | D:1      | qw the Djinni Hunter began the quest for the Orb.
     0 | D:1      | Reached XP level 1. HP: 18/18 MP: 0/0
     0 | D:1      | 0 ||| qw: Version: 0.3-a-136-gdd3b4e8
     0 | D:1      | 0 ||| qw: Game counter: 1309
     0 | D:1      | 0 ||| qw: Melee chars always use a shield: true
     0 | D:1      | 0 ||| qw: God list: Okawaru
     0 | D:1      | 0 ||| qw: Allow faded altars: false
     0 | D:1      | 0 ||| qw: Do Orc after clearing Dungeon:15 true
     0 | D:1      | 0 ||| qw: Do second Lair branch before Depths: true
     0 | D:1      | 0 ||| qw: Lair rune preference: random
     0 | D:1      | 0 ||| qw: Goals: Normal
     0 | D:1      | 0 ||| PLANNING D:1-11
     6 | D:1      | Noticed an electric eel
   101 | D:1      | Reached XP level 2. HP: 23/23 MP: 0/0
   672 | D:1      | Reached skill level 4 in Ranged Weapons
   672 | D:1      | Reached XP level 3. HP: 28/28 MP: 0/0
   672 | D:1      | Learned a level 1 spell: Slow
   732 | D:1      | 732 ||| UPGRADING to amulet of the acrobat.
   737 | D:1      | 737 ||| DROPPING scroll of butterflies.
   842 | D:2      | 842 ||| FLEEEEING.
   874 | D:2      | Reached XP level 4. HP: 34/34 MP: 0/0
   902 | D:2      | Reached skill level 3 in Fighting
  1070 | D:2      | HP: 8/35 [gnoll/+0 halberd (1)]
  1071 | D:2      | Mangled by a gnoll

Levels and vault maps discovered:
D:1:      arrival_aquarium_a, layout_basic, nicolae_twisty_statue_hallways
D:2:      layout_basic, serial_shops, nicolae_shop_advertising_works
          [nicolae_subvault_shop_adworks], uniq_crazy_yiuf_cottage, uniq_terence

Skill      XL: |  1  2  3  4 |
---------------+-------------+-----
Ranged Weapons | 4 |  4.0
Fighting       | 3 |  3.0
Dodging        | |  2.2
Stealth        | |  0.7

Action                     |  1- 3 |  4- 6 || total
---------------------------+-------+-------++-------
   Fire: Shortbow          |    83 |    13 ||    96
 Armour: Leather armour    |    33 |     5 ||    38
  Dodge: Dodged            |    26 |     5 ||    31

Table legend:
 A = Non-vault XP
 B = Vault XP
 C = Vault XP percentage of total XP
 D = Non-vault monster count
 E = Vault monster count
 F = Vault count percentage of total count
                 A         B        C        D         E       F
            +---------+---------+-------+---------+---------+-------
      Total |      74 |       0 |   0.0 |      29 |       0 |   0.0
            +---------+---------+-------+---------+---------+-------
        D:1 |      30 |       0 |   0.0 |      17 |       0 |   0.0
        D:2 |      44 |       0 |   0.0 |      12 |       0 |   0.0
            +---------+---------+-------+---------+---------+-------
